 Dungeon Crawl Stone Soup version 0.27.1-3-gb3d3a73c9e (console) character file.

Game seed: 15510884296742444560

463 Banquo the Magician (level 7, -1/52 HPs)
             Began as a Djinni Hunter on Oct 11, 2021.
             Slain by a killer bee (5 damage)
             ... on level 4 of the Dungeon.
             The game lasted 00:23:07 (6929 turns).

Banquo the Magician (Djinni Hunter)                 Turns: 6929, Time: 00:23:09

Health: -1/52      AC:  7    Str: 11    XL:     7   Next: 29%
Gold:   170        EV: 12    Int: 15    God:
                   SH:  0    Dex: 13

rFire    + + .     SeeInvis .   b - +1 hand crossbow
rCold    x . .     Faith    .   (no shield)
rNeg     . . .     Spirit   .   d - +2 animal skin
rPois    ∞         Reflect  .   h - +1 helmet
rElec    .         Harm     .   (no cloak)
rCorr    .         Rampage  .   g - +0 pair of gloves
Will     .....                  (boots unavailable)
Stlth    +.........             (no amulet)
HPRegen  0.17/turn              (no ring)
MPRegen  0.00/turn              (no ring)

@: flying
A: sickness immunity, fire resistance 2, cold vulnerability 1, float, innate
caster, hp casting, extra vitality 1
a: no special abilities


You were on level 4 of the Dungeon.
You visited 1 branch of the dungeon, and saw 4 of its levels.

You collected 170 gold pieces.

Inventory:

Hand Weapons
 a - a +1 spear of pain
 b - a +1 hand crossbow (weapon)
 o - a +0 dagger
 t - a +0 short sword
 w - a +2 hunting sling of flaming
 y - a +0 falchion
 G - a +0 war axe
Missiles
 c - 41 bolts (quivered ammo)
 k - 2 curare-tipped darts
 n - 2 boomerangs
 s - 153 stones
 x - 21 sling bullets
 H - 24 poisoned darts
Armour
 d - a +2 animal skin (worn)
 g - a +0 pair of gloves (worn)
 h - a +1 helmet (worn)
 i - a +0 kite shield
 A - a +0 leather armour
Wands
 q - a wand of iceblast (9)
 F - a wand of paralysis (9)
Scrolls
 f - 3 scrolls of noise
 j - 3 scrolls of brand weapon {unknown}
 m - a scroll of vulnerability {unknown}
 p - 2 scrolls of identify {unknown}
 r - a scroll of enchant weapon {unknown}
 u - 4 scrolls of immolation {unknown}
 B - a scroll of magic mapping {unknown}
Potions
 e - 2 potions of flight {unknown}
 l - 2 potions of haste {unknown}
 v - a potion of brilliance {unknown}
 z - a potion of attraction {unknown}
 C - 3 potions of cancellation {unknown}
 D - a potion of might {unknown}
 E - 2 potions of curing {unknown}


   Skills:
 * Level 4.0 Fighting
 - Level 3.2 Crossbows
 + Level 2.4 Dodging
 - Level 0.7 Stealth
 * Level 0.8 Shields
 + Level 4.3 Spellcasting


You had 8 spell levels left.
You knew the following spells:

 Your Spells              Type           Power      Damage    Failure   Level
a - Freeze                Ice            64%        1d8       3%          1
b - Ignite Poison         Fire/Tmut/Pois 16%        N/A       9%          3
B - Blink                 Tloc           N/A        N/A       4%          2
Your spell library was empty.

Dungeon Overview and Level Annotations

Branches:
Dungeon (4/15)
 Temple: D:4-7

Altars:
Cheibriados
Trog
Xom


Innate Abilities, Weirdness & Mutations

You are immune to sickness and miasma.
You are immune to poison.
Your flesh is very heat resistant. (rF++)
You are vulnerable to cold. (rC-)
You float through the air rather than walking.
You learn spells naturally, not from books.
Your magical power is your life essence.
You have superior vitality. (+4 HP)


Message History

The hound skeleton closely misses you. x2
You puncture the hound skeleton!
You destroy the hound skeleton!
A gnoll comes into view. It is wielding a +0 flail.
b - a +1 hand crossbow (weapon)
A killer bee comes into view.
The killer bee buzzes angrily.
A killer bee comes into view. x2
A killer bee comes into view.
The killer bee buzzes angrily.
The killer bee stings you. x2
The killer bee stings you. The killer bee misses you.
The killer bee buzzes angrily. x2; You hear an angry growl.
The killer bee stings you but does no damage.
The killer bee misses you. The killer bee stings you.
The killer bee misses you.
The killer bee stings you but does no damage.
The killer bee completely misses you. The killer bee stings you!
The killer bee closely misses you. The killer bee stings you.
The killer bee stings you but does no damage.
The killer bee stings you. x2
* * * LOW HITPOINT WARNING * * *
The killer bee stings you!
* * * LOW HITPOINT WARNING * * *
The killer bee stings you.
* * * LOW HITPOINT WARNING * * *
The killer bee misses you.
There is a stone staircase leading up here.
Unknown command.
Okay, then.
Unknown command.
As you read the scroll labelled ZOITYU XEOXZIUKUA, it crumbles to dust.
You hear a loud clanging noise!
It was a scroll of noise.
You hear a shout! x8
The killer bee stings you but does no damage. x2
The killer bee stings you.
You die...

#....######.......##...# #
#....##....#####..#P≈.♣#
##......#### #..≈≈P.≈♣#
##....## ##♣≈≈≈.≈≈♣##
#....# #♣≈≈≈.P≈≈≈# #....##
#≈≈≈P.≈≈≈≈#
###.....#########≈≈≈≈.≈≈≈♣#
.................≈≈≈≈.≈≈≈P#
...####.........@y♣♣P.≈≈≈≈#
#### ##.........yy♣♣≈.≈≈♣##
#..........y.♣♣≈.≈≈P#
##............≈♣≈.≈≈≈####
##
##..######.....♣g≈.≈≈≈≈...
.###...# #....♣♣≈≈.≈≈≈♣≈..
......## ##....♣♣≈≈g≈≈≈♣♣≈≈
#....## #...##♣♣≈≈.≈≈≈♣♣♣♣
##..## #..## #≈♣≈.≈≈≈≈♣♣♣≈


You could see 4 killer bees and 2 gnolls.

Vanquished Creatures
  A scorpion (D:4)
  A hound (D:4)
  Jessica (D:3)
  Ijyb (D:3)
  An iguana (D:4)
  Robin (D:2)
  2 hound skeletons (D:4)
  11 gnolls
  3 adders
  A white imp (D:4)
  A worm (D:2)
  4 dart slugs
  An orc (D:3)
  7 ball pythons
  5 endoplasms
  7 giant cockroaches
  17 goblins
  13 hobgoblins
  9 jackals
  8 kobolds
  3 quokkas (D:1)
  5 bats
  A frilled lizard (D:1)
  5 rats
109 creatures vanquished.

Vanquished Creatures (others)
  3 plants (D:4)
3 creatures vanquished.

Grand Total: 112 creatures vanquished

Notes
Turn   | Place    | Note
-------+----------+-------------------------------------------
     0 | D:1      | Banquo the Djinni Hunter began the quest for the Orb.
     0 | D:1      | Reached XP level 1. HP: 18/18 MP: 0/0
   357 | D:1      | Reached XP level 2. HP: 23/23 MP: 0/0
   688 | D:1      | Reached skill level 1 in Spellcasting
   822 | D:1      | Reached XP level 3. HP: 25/29 MP: 0/0
   822 | D:1      | Learned a level 1 spell: Freeze
  1707 | D:2      | Reached XP level 4. HP: 28/35 MP: 0/0
  2069 | D:2      | You are sucked into a shaft and drop 1 floor!
  2069 | D:3      | Found a snail-covered altar of Cheibriados.
  2080 | D:3      | Found a bloodstained altar of Trog.
  2134 | D:2      | Noticed Robin
  2553 | D:2      | Reached XP level 5. HP: 40/40 MP: 0/0
  2553 | D:2      | Learned a level 2 spell: Blink
  4053 | D:2      | Killed Robin
  4682 | D:3      | Noticed Jessica
  4695 | D:3      | Killed Jessica
  4696 | D:3      | Reached XP level 6. HP: 31/46 MP: 0/0
  4839 | D:3      | Found a faded altar of an unknown god.
  5082 | D:3      | Noticed Ijyb
  5108 | D:3      | Killed Ijyb
  5435 | D:3      | Found a shimmering altar of Xom.
  5718 | D:3      | Found a snail-covered altar of Cheibriados.
  5753 | D:3      | Found a faded altar of an unknown god.
  5807 | D:3      | Found a bloodstained altar of Trog.
  5870 | D:3      | Found a shimmering altar of Xom.
  6701 | D:4      | Reached XP level 7. HP: 26/51 MP: 0/0
  6701 | D:4      | Learned a level 3 spell: Ignite Poison
  6929 | D:4      | Slain by a killer bee

Illustrated notes

Levels and vault maps discovered:
D:1:      mushboom_english_gardens, layout_loops_corners, serial_glass,
          glass_columns_a, glass_columns_a, serial_bayou_ford_a, minmay_bisected
D:2:      layout_rooms, uniq_robin
D:3:      kennysheep_goblin_castle, layout_rooms, mainiacjoe_overflow_alcove_4,
          cheibriados_altar_1, bloody_trog, shapermc_ecumenical_altar_rom_forum,
          uniq_jessica
D:4:      layout_layer_cave, serial_bayou_lagoon_b, uniq_ijyb, uniq_pikel

Skill      XL: |  1  2  3  4  5  6  7 |
---------------+----------------------+-----
Spellcasting   | 1 2 3 4 |  4.3
Fighting       | 3 4 |  4.0
Crossbows      | |  3.2
Dodging        | |  2.4
Stealth        | |  0.7
Shields        | |  0.8

Action                   |  1- 3 |  4- 6 |  7- 9 || total
-------------------------+-------+-------+-------++-------
Melee: Short sword       |   119 |     1 |       ||   120
       Spear             |       |    13 |     7 ||    20
 Fire: Hand crossbow     |     3 |    56 |     1 ||    60
 Cast: Freeze            |     4 |   148 |     6 ||   158
  Use: Scroll            |       |       |     1 ||     1
 Stab: Sleeping          |     2 |       |       ||     2
Armor: Leather armour    |    25 |    28 |       ||    53
       Animal skin       |       |    30 |     7 ||    37
Dodge: Dodged            |    81 |    89 |    17 ||   187
